 Dungeon Crawl Stone Soup version 0.32-a0-834-geaf45d8e21 (webtiles) character file.

Game seed: 14010206761980809989

719 warriortoast the Sneak (level 7, 0/47 HPs)
             Began as an Octopode Shapeshifter on Mar 25, 2024.
             Slain by a hornet (14 damage)
             ... on level 6 of the Dungeon.
             The game lasted 00:09:35 (4260 turns).

warriortoast the Sneak (Octopode Shapeshifter)      Turns: 4260, Time: 00:09:35

Health: 0/47       AC:  1    Str: 16    XL:     7   Next: 70%
Magic:  7/7        EV: 17    Int: 12    God:
Gold:   280        SH:  0    Dex: 11    Spells: 6/6 levels left

rFire   . .          .
                       - Unarmed
rCold   . . .        (no shield)
rNeg    . . .        (helmet currently unavailable)
rPois   .            (no amulet)
rElec   .            d - +5 ring of evasion
rCorr   .            (no ring)
SInv    .            (no ring)
Will    .....        (no ring)
Stlth   ++++         (no ring)
HPRegen 0.27/turn    (no ring)
MPRegen 0.10/turn    (no ring)
                     (no ring)

%: no passive effects
@: beast-form, slowed, very slow
A: beast (slay +2), almost no armour, amphibious, 8 rings, camouflage 1,
gelatinous body 1, (nimble swimmer 1), tentacles
a: Begin Untransformation


You were on level 6 of the Dungeon.
You were a hulking beast.
You visited 1 branch of the dungeon, and saw 6 of its levels.

You collected 280 gold pieces.

Inventory:

Missiles
 k - 4 javelins
 s - 6 poisoned darts (quivered)
 u - 2 throwing nets
 A - 5 atropa-tipped darts
Jewellery
 d - a +5 ring of evasion (left tentacle)
 f - an amulet of faith
 y - an amulet of guardian spirit
Talismans
 b - a beast talisman (active)
 c - a flux talisman
Wands
 g - a wand of flame (27)
 n - a wand of roots (6)
 z - a wand of mindburst (11)
Scrolls
 e - a scroll of enchant weapon {unknown}
 h - 4 scrolls of identify {unknown}
 i - 2 scrolls of teleportation {unknown}
 l - 2 scrolls of immolation {unknown}
 r - a scroll of poison {unknown}
 t - a scroll of fear {unknown}
Potions
 a - a potion of lignification
 j - a potion of haste {unknown}
 m - a potion of enlightenment {unknown}
 o - a potion of mutation {unknown}
 p - 2 potions of attraction {unknown}
 q - 2 potions of curing {unknown}
 v - a potion of degeneration {unknown}
 w - a potion of heal wounds {unknown}
 x - a potion of magic {unknown}
 B - a potion of resistance {unknown}


   Skills:
 + Level 3.7 Fighting
 - Level 2.0 Dodging
 - Level 5.0 Stealth
 + Level 4.9 Unarmed Combat
 + Level 3.0 Evocations
 + Level 4.6 Shapeshifting


You had 6 spell levels left.
You didn't know any spells.
Your spell library was empty.

Dungeon Overview and Level Annotations

Branches:
Dungeon (6/15)
 Temple: D:4-7

Altars:
Ashenzari
Xom
The Shining One

Shops:
D:4 *

Annotations:
D:6 Grinder


Innate Abilities, Weirdness & Mutations

You are a hulking beast.
Your limbs bulge with bestial killing power. (Slay +2)
You cannot wear most types of armour.
You are amphibious.
You can wear up to eight rings at the same time.
Your skin changes colour to match your surroundings (Stealth+).
Your rubbery body absorbs attacks. (AC +1, EV +1)
((You are camouflaged when in or above water. (Stealth+)))
You have tentacles for arms and can constrict up to eight enemies at once.


Message History

There is an open door here.
You close the door.
An adder comes into view.
The adder hisses angrily.
No target in view!
No target in view!
No target in view!
You closely miss the adder. You grab the adder. You constrict the adder.
The adder completely misses you.
You tentacle-slap the adder. You squeeze the adder.
You kill the adder!
No target in view!
You see here an adder corpse.
A hornet comes into view.
An adder comes into view.
The hornet buzzes angrily.
The adder hisses angrily.
You see here an adder corpse.
You throw a poisoned dart.
The poisoned dart closely misses the hornet.
The poisoned dart barely misses the adder.
You throw a poisoned dart. The poisoned dart misses the hornet.
The hornet stings you.
You suddenly lose the ability to move!
You can move again.
You throw a poisoned dart. The poisoned dart hits the hornet.
The hornet is poisoned.
The hornet stings you!
You shrug off the repeated paralysis!
The hornet barely misses you.
You bludgeon the hornet! Your grab misses the hornet.
The hornet is moderately wounded.
The hornet stings you.
You feel yourself slow down. The adder bites you.
You closely miss the hornet. Your grab misses the hornet.
You squeeze the hornet.
The hornet is moderately wounded.
The hornet stings you!
* * * LOW HITPOINT WARNING * * *
You feel as though you will be slow longer.
The adder closely misses you. The hornet closely misses you.
The adder barely misses you.
You tentacle-slap the hornet. Your grab misses the hornet.
The hornet is heavily wounded.
The hornet stings you!
You die...

#.# #.# #.# #.# .....# #.#
#.....#
#######.#########.....#
......>..S......+.....##
############..hy.## #......#
#..........#..##..#####......#
#.########.#..###.(.†.#.......
#.# #...#..# #####...# #.#
#.###..# ##..##
#.######......# ##y.######
#......######.###### #........
######.# #......# #######..
#.# #......+


You could see a hornet (poisoned) and an adder.

Vanquished Creatures
  A black bear (D:5)
  3 scorpions
  5 hounds
  A jelly (D:5)
  Ijyb (D:3)
  2 iguanas
  Robin (D:4)
  5 adders
  2 gnolls (D:2)
  2 shadow imps
  2 ufetubi (D:5)
  2 dart slugs
  A ribbon worm (D:2)
  2 orcs (D:3)
  7 bats
  3 endoplasms
  4 giant cockroaches
  14 goblins
  13 hobgoblins
  4 jackals (D:3)
  4 quokkas
  10 ball pythons
  4 frilled lizards
  6 kobolds
  2 rats
101 creatures vanquished.

Notes
Turn   | Place    | Note
-------+----------+-------------------------------------------
     0 | D:1      | warriortoast the Octopode Shapeshifter began the quest for
                  | the Orb.
     0 | D:1      | Reached XP level 1. HP: 13/13 MP: 1/1
   204 | D:1      | Found a faded altar of an unknown god.
   214 | D:1      | Reached XP level 2. HP: 18/18 MP: 2/2
   217 | D:1      | Reached skill level 1 in Stealth
   887 | D:2      | Reached XP level 3. HP: 22/23 MP: 3/3
   979 | D:2      | Found a glowing golden altar of the Shining One.
  1064 | D:2      | Reached skill level 2 in Stealth
  1564 | D:2      | Reached XP level 4. HP: 12/29 MP: 4/4
  2330 | D:3      | Noticed Ijyb
  2354 | D:3      | Killed Ijyb
  2355 | D:3      | Reached XP level 5. HP: 17/34 MP: 5/5
  2647 | D:3      | Reached skill level 3 in Stealth
  2873 | D:4      | Reached skill level 1 in Evocations
  2955 | D:4      | Reached XP level 6. HP: 41/41 MP: 6/6
  3051 | D:4      | Noticed Robin
  3106 | D:4      | Killed Robin
  3243 | D:4      | Found Isestiok's Overcharged Wands.
  3412 | D:4      | Reached skill level 4 in Stealth
  3461 | D:5      | Entered Level 5 of the Dungeon
  3565 | D:5      | Found a shimmering altar of Xom.
  3625 | D:5      | Reached XP level 7. HP: 46/46 MP: 7/7
  4002 | D:5      | Reached skill level 5 in Stealth
  4190 | D:6      | Found a broken altar of Ashenzari.
  4191 | D:6      | Noticed Grinder
  4243 | D:6      | Noticed a hornet
  4256 | D:6      | Paralysed by a hornet for 1 turns
  4260 | D:6      | Slain by a hornet

Illustrated notes

Levels and vault maps discovered:
D:1:      dpeg_arrival_line_fractal, layout_basic,
          hellmonk_ecumenical_altar_pennies_from_heaven, roderic_roman_lattice,
          serial_bayou_ford_a, corner_web_ring
D:2:      layout_basic, basic_altar, minmay_cut_off
D:3:      layout_basic, uniq_ijyb
D:4:      layout_loops_ring, nicolae_shop_overcharged_wands, uniq_robin
D:5:      layout_cave_pools, overflow_temple_1_default
D:6:      layout_basic, mainiacjoe_overflow_catwalk_spiral,
          minmay_temple_entry_mini_moons, uniq_grinder

Skill      XL: |  1  2  3  4  5  6  7 |
---------------+----------------------+-----
Stealth        | 1 2 3 4 5 |  5.0
Fighting       | 2 3 |  3.7
Unarmed Combat | 4 |  4.9
Evocations     | 1 2 3 |  3.0
Shapeshifting  | 4 |  4.6
Dodging        | |  2.0

Action                     |  1- 3 |  4- 6 |  7- 9 || total
---------------------------+-------+-------+-------++-------
  Melee: Unarmed           |    56 |   106 |    23 ||   185
         Constrict         |    17 |    32 |     6 ||    55
         Tentacles         |     9 |    21 |     4 ||    34
         Punch             |       |     4 |       ||     4
  Throw: Dart              |       |    11 |    10 ||    21
   Stab: Sleeping          |    10 |     9 |       ||    19
 Armour: Skin              |    12 |    43 |    12 ||    67
  Dodge: Dodged            |    33 |    99 |    20 ||   152

Table legend: (Time is in decaauts)
 A = Elapsed time spent in this place.
 B = Non-inter-level travel time spent in this place.
 C = Inter-level travel time spent in this place.
 D = Time resting spent in this place.
 E = Time spent auto-exploring this place.
 F = Levels seen in this place.
 G = Mean time per level.
                   A        B        C        D        E       F      G
               +--------+--------+--------+--------+--------+-----+--------+
         Total |   4246 |   4102 |    144 |    695 |   2673 |   6 |  707.7 |
       Dungeon |   4246 |   4102 |    144 |    695 |   2673 |   6 |  707.7 |
               +--------+--------+--------+--------+--------+-----+--------+

Top non-repeatable levels by time:
     D:2: 1215 daAuts
     D:1: 857 daAuts
     D:3: 788 daAuts
     D:5: 680 daAuts
     D:4: 588 daAuts
     D:6: 115 daAuts
